details: 'IceDexTRFails'

« prev index next »

General information

Mini Map

Players

team 1
NightElfDexanth (orange | 85 APM | 367 actions | 04:18)
Hero icon 2 Demon Hunter
Ability icon 1 Mana Burn
Ability icon 1 Evasion

» actions
Assign group hotkey12
Build / train20
Enter build submenu9
Enter hero's abilities submenu2
Remove unit from queue1
Right click200
Select / deselect79
Select group hotkey28
Use ability16
367 total
» units
Wisp12
Huntress5
17 total
» buildings
Altar of Elders1
Moon Well2
Hunter's Hall1
Ancient of War4
8 total
» build order
00:06 Altar of Elders
00:17 Moon Well
01:35 Hunter's Hall
01:37 Ancient of War
01:57 Moon Well
02:16 Ancient of War
02:47 Ancient of War
02:56 Ancient of War
HumanIceberg-Slim (blue | 84 APM | 362 actions | 04:18)
Hero icon 2 Archmage
Ability icon 1 Summon Water Elemental
Ability icon 1 Brilliance Aura

» actions
Assign group hotkey7
Basic commands39
Build / train19
ESC pressed1
Enter build submenu10
Enter hero's abilities submenu2
Right click156
Select / deselect87
Select group hotkey24
Use ability17
362 total
» units
Peasant9
Footman6
15 total
» buildings
Altar of Kings1
Farm3
Barracks1
Scout Tower3
Lumber Mill1
Arcane Tower1
10 total
» build order
00:08 Altar of Kings
00:13 Farm
00:20 Barracks
00:57 Farm
01:37 Scout Tower
01:43 Lumber Mill
02:05 Farm
02:12 Arcane Tower
03:56 Scout Tower
03:57 Scout Tower
team 2
HumanBG.Swarm (purple | 221 APM | 938 actions | 04:15)
Hero icon 1 Archmage
Ability icon 1 Summon Water Elemental

» actions
Assign group hotkey55
Basic commands103
Build / train39
ESC pressed3
Enter build submenu14
Enter hero's abilities submenu1
Right click257
Select / deselect77
Select group hotkey362
Use ability27
938 total
» units
Peasant13
Footman13
26 total
» buildings
Altar of Kings1
Farm3
Barracks1
Scout Tower7
Lumber Mill1
Guard Tower8
21 total
» build order
00:06 Altar of Kings
00:19 Farm
00:22 Barracks
00:52 Farm
01:55 Scout Tower
02:06 Farm
02:45 Lumber Mill
03:02 Scout Tower
03:03 Scout Tower
03:04 Scout Tower
03:04 Scout Tower
03:25 Guard Tower
03:25 Guard Tower
03:25 Guard Tower
03:26 Scout Tower
03:34 Scout Tower
03:42 Guard Tower
03:42 Guard Tower
03:42 Guard Tower
03:43 Guard Tower
HumanVEGETARIAN (green | 197 APM | 845 actions | 04:17)
Hero icon 1 Archmage
Ability icon 1 Summon Water Elemental

» actions
Assign group hotkey43
Basic commands25
Build / train28
Enter build submenu10
Enter hero's abilities submenu1
Remove unit from queue7
Right click280
Select / deselect151
Select group hotkey272
Use ability28
845 total
» units
Peasant15
Footman6
21 total
» buildings
Altar of Kings1
Farm3
Barracks1
Lumber Mill1
Scout Tower4
Guard Tower4
14 total
» build order
00:07 Altar of Kings
00:18 Farm
00:20 Barracks
01:03 Farm
01:33 Farm
02:04 Lumber Mill
02:59 Scout Tower
02:59 Scout Tower
02:59 Scout Tower
03:00 Scout Tower
03:33 Guard Tower
03:33 Guard Tower
03:33 Guard Tower